 Dungeon Crawl Stone Soup version 0.30.0-29-ga12c61a403 (webtiles) character file.

Game seed: 9901928092082859563

90 PedroKMD the Chopper (level 4, 0/41 HPs)
             Began as a Hill Orc Monk on June 19, 2023.
             Slain by a gnoll
             ... wielding a +0 whip
              (7 damage)
             ... on level 2 of the Dungeon.
             The game lasted 00:04:43 (1141 turns).

PedroKMD the Chopper (Hill Orc Monk)                Turns: 1141, Time: 00:04:44

Health: 0/41       AC:  2    Str: 21    XL:     4   Next: 56%
Magic:  4/4        EV: 12    Int: 10    God:
Gold:   23         SH:  0    Dex: 13    Spells: 3/3 levels left

rFire   . . .        a - +0 hand axe
rCold   . . .        d - orb {light}
rNeg    . . .        b - +0 robe
rPois   .            (no helmet)
rElec   .            (no cloak)
rCorr   .            (no gloves)
SInv    .            (no boots)
Will    .....        (no amulet)
Stlth   +            j - +6 ring of strength
HPRegen 0.26/turn    (no ring)
MPRegen 0.09/turn

%: no passive effects
@: confused, ambrosia-drunk, glowing
A: no striking features
a: no special abilities


You were on level 2 of the Dungeon.
You visited 1 branch of the dungeon, and saw 2 of its levels.

You collected 23 gold pieces.

Inventory:

Hand Weapons
 a - a +0 hand axe (weapon)
Armour
 b - a +0 robe (worn)
 d - an orb of light (worn)
 k - a +0 ring mail
 n - a +0 scale mail
Jewellery
 j - a +6 ring of strength (left hand)
 l - an amulet of guardian spirit
Wands
 o - a wand of paralysis (7)
Scrolls
 e - 2 scrolls of vulnerability {unknown}
 f - a scroll of enchant weapon {unknown}
 h - a scroll of fear {unknown}
 i - a scroll of noise {unknown}
Potions
 c - a potion of ambrosia
 g - 2 potions of lignification {unknown}
 m - 2 potions of flight {unknown}


   Skills:
 + Level 4.8 Fighting
 + Level 5.2 Axes
 - Level 3.0 Dodging


You had 3 spell levels left.
You didn't know any spells.
Your spell library contained the following spells:

 Spells                   Type           Power      Damage    Failure   Level
 Freeze                   Ice            0%         1d3       36%         1
 Frozen Ramparts          Ice            0%         1d1       75%         3
 Hailstorm                Conj/Ice       0%         3d3       75%         3


Dungeon Overview and Level Annotations

Branches:
Dungeon (2/15)

Altars:

Shops:
D:1 :


Message History

The gnoll hits you with a +0 club.
You hit the gnoll.
The gnoll is severely wounded.
The gnoll completely misses you.
You completely miss the gnoll.
The gnoll is heavily wounded.
A ball python comes into view.
The gnoll hits you with a +0 club.
The ball python hisses angrily.
You hit the gnoll.
The gnoll is almost dead.
The gnoll barely misses you.
You hit the gnoll.
You kill the gnoll!
You hit the gnoll but do no damage. The gnoll hits you with a +0 whip.
You hit the gnoll but do no damage. The gnoll hits you with a +0 whip!
You hit the gnoll.
The gnoll is moderately wounded.
The gnoll misses you.
You hit the gnoll but do no damage.
The gnoll is moderately wounded.
The gnoll barely misses you.
You hit the gnoll.
The gnoll is moderately wounded.
The gnoll hits you with a +0 whip!
You hit the gnoll.
The gnoll is severely wounded.
The gnoll barely misses you.
You hit the gnoll.
The gnoll is almost dead.
The gnoll hits you with a +0 whip.
* * * LOW HITPOINT WARNING * * *
You hit the gnoll but do no damage.
The gnoll is almost dead.
The gnoll hits you with a +0 whip!
* * * LOW HITPOINT WARNING * * *
The gnoll attacks as you move away! The gnoll completely misses you.
You are confused.
You feel invigorated. The gnoll hits you with a +0 whip!
You die...

..#.#######.#######
#.# #.# #.# #.# #.#
#.# #.# #@#
..##.####g#
.....Sg.g.#
..##.####.# #.# #.#
... #.# ...


You could see 2 gnolls.

Vanquished Creatures
  Jessica (D:2)
  A gnoll (D:2)
  3 adders (D:2)
  A dart slug (D:2)
  3 bats (D:1)
  6 endoplasms
  2 giant cockroaches
  2 hobgoblins (D:1)
  A jackal (D:2)
  A quokka (D:1)
  3 frilled lizards
  3 rats (D:1)
27 creatures vanquished.

Notes
Turn   | Place    | Note
-------+----------+-------------------------------------------
     0 | D:1      | PedroKMD the Hill Orc Monk began the quest for the Orb.
     0 | D:1      | Reached XP level 1. HP: 19/19 MP: 1/1
   241 | D:1      | Reached XP level 2. HP: 17/26 MP: 2/2
   348 | D:1      | Found Ycheich's Vocational Training.
   836 | D:2      | Reached XP level 3. HP: 32/33 MP: 3/3
  1060 | D:2      | Noticed Jessica
  1063 | D:2      | Killed Jessica
  1064 | D:2      | Reached skill level 5 in Axes
  1064 | D:2      | Reached XP level 4. HP: 41/41 MP: 4/4
  1137 | D:2      | HP: 2/41 [gnoll/+0 whip (7)]
  1141 | D:2      | Slain by a gnoll

Illustrated notes

Levels and vault maps discovered:
D:1:      elethiomel_arrival_shortcut, layout_loops_ring,
          nicolae_shop_vocational
D:2:      layout_basic, st_stairs_14, kennysheep_generic_room_12, uniq_jessica

Skill      XL: |  1  2  3 |
---------------+----------+-----
Dodging        | 3 |  3.0
Fighting       | 4 |  4.8
Axes           | 5 |  5.2

Action                     |  1- 3 |  4- 6 || total
---------------------------+-------+-------++-------
  Melee: Hand axe          |    69 |    17 ||    86
    Use: Potion            |       |     1 ||     1
 Armour: Robe              |    15 |     1 ||    16
  Dodge: Dodged            |    36 |     7 ||    43
